 Dungeon Crawl Stone Soup version 0.23.2-1-ga50397a6bc (webtiles) character file.

Game seed: 4546398811331163014

168 Mrkan the Chucker (level 5, -5/55 HPs)
             Began as an Ogre Hunter on May 22, 2019.
             Killed from afar by an orc wizard (7 damage)
             ... with a magic dart
             ... on level 3 of the Dungeon.
             The game lasted 00:04:35 (2537 turns).

Mrkan the Chucker (Ogre Hunter)                     Turns: 2537, Time: 00:04:36

Health: -5/55      AC:  3    Str: 16    XL:     5   Next: 48%
Magic:  5/5        EV:  6    Int: 12    God:
Gold:   103        SH:  7    Dex: 10    Spells: 4/4 levels left

rFire    . . .     SeeInvis .   n - +2 whip (elec)
rCold    . . .     Gourm    .   e - +1 shield {rPois}
rNeg     . . .     Faith    .   b - +0 robe
rPois    +         Spirit   .   (helmet restricted)
rElec    .         Reflect  .   (no cloak)
rCorr    .         Harm     .   (gloves unavailable)
MR       .....                  (boots unavailable)
Stlth    +.........             (no amulet)
HPRegen  0.18/turn              (no ring)
MPRegen  0.09/turn              (no ring)

@: slowed, drained, very slow
A: large, unfitting armour, tough skin 1
a: no special abilities


You were on level 3 of the Dungeon.
You were hungry.

You visited 1 branch of the dungeon, and saw 3 of its levels.

You collected 103 gold pieces.

Inventory:

Hand Weapons
 n - a +2 whip of electrocution (weapon)
Missiles
 c - 4 large rocks (quivered)
 d - 2 throwing nets
Armour
 b - a +0 robe (worn)
 e - a +1 shield of poison resistance (worn)
Jewellery
 k - a cursed ring of teleportation {unknown}
 l - a cursed -3 ring of dexterity {unknown}
 m - a +3 ring of dexterity {unknown}
 s - an uncursed ring of wizardry {unknown}
Scrolls
 h - a scroll of random uselessness {unknown}
 i - 6 scrolls of identify {unknown}
 j - 4 scrolls of teleportation {unknown}
 p - 3 scrolls of remove curse {unknown}
 r - a scroll of blinking {unknown}
Potions
 g - a potion of heal wounds {unknown}
 o - 2 potions of might {unknown}
 q - a potion of curing
Comestibles
 f - 4 rations


   Skills:
 + Level 4.6(4.0) Fighting
 * Level 5.9(5.2) Throwing
 - Level 1.7(1.1) Dodging
 - Level 0.6(0.0) Stealth


You had 4 spell levels left.
You didn't know any spells.
Your spell library was empty.

Dungeon Overview and Level Annotations

Branches:
Dungeon (3/15)

Altars:
Trog
Vehumet
Yredelemnul


Innate Abilities, Weirdness & Mutations

You are too large for most types of armour.
You have tough skin. (AC +1)


Message History

Lightning courses through the orc wizard!
The orc wizard is heavily wounded.
The orc priest calls upon Beogh to heal the orc wizard.
The orc wizard is healed somewhat.
The orc wizard points at you and mumbles some strange words.
The magic dart hits you.
* * * LOW HITPOINT WARNING * * *
Throwing (i - inventory. (/) - cycle)
c - 5 large rocks (quivered)
Press: ? - help, Shift-Dir - straight line, f - orc wizard
Aim: an orc wizard, wielding a +0 dagger and wearing a +0 robe (moderately wounded)
You throw a large rock.
The large rock closely misses the orc wizard.
The large rock hits the orc wizard!!
You kill the orc wizard!
The orc wizard hits you with a +0 dagger.
* * * LOW HITPOINT WARNING * * *
You block the orc wizard's attack.
The orc wizard gestures at you while chanting.
The magic dart hits you!
You die...

.#.#.#.# #......# .......#
#..###.# .#.#.#.# #..# #.#
.......# #..# #.##########
.#.#.#.# #..# #...........
.......# #### #..# #.........##
.#)#.#.#####..# #..# #..........#
.............o########..........#
####.........ooo@...............#
##.........########..........#
####......# #..# #..........#
#.##...# #..# #.........##
#.##...# #..# #........##.
.##(##...# #..# #...........
...<......# #..# ###..#.#.#.#
..##.####.###).# #........# #.#
#...#..# ##.#.#.#.#


You could see an orc priest, an orc wizard and 2 orcs.

Vanquished Creatures
  An orc wizard (D:3)
  Jessica (D:3)
  2 adders (D:2)
  An ooze (D:3)
  3 worms
  2 dart slugs
  A leopard gecko (D:3)
  3 orcs
  9 bats
  6 giant cockroaches
  3 goblins
  13 hobgoblins
  6 jackals
  5 kobolds
  2 quokkas
  2 ball pythons (D:1)
  3 frilled lizards
  4 rats
67 creatures vanquished.

Notes
Turn   | Place    | Note
-------+----------+-------------------------------------------
     0 | D:1      | Mrkan the Ogre Hunter began the quest for the Orb.
     0 | D:1      | Reached XP level 1. HP: 22/22 MP: 1/1
   147 | D:1      | Reached XP level 2. HP: 31/31 MP: 2/2
   334 | D:1      | Reached XP level 3. HP: 11/37 MP: 3/3
   873 | D:2      | Reached skill level 5 in Throwing
   873 | D:2      | Reached XP level 4. HP: 35/48 MP: 4/4
  1409 | D:2      | Found a basalt altar of Yredelemnul.
  1411 | D:2      | Found a bloodstained altar of Trog.
  1755 | D:3      | Noticed Jessica
  1759 | D:3      | Killed Jessica
  1772 | D:3      | Reached XP level 5. HP: 50/55 MP: 5/5
  2380 | D:3      | Found a radiant altar of Vehumet.
  2537 | D:3      | HP: 2/55 [orc wizard/+0 dagger (3)]
  2537 | D:3      | Killed from afar by an orc wizard

Skill      XL: |  1  2  3  4 |
---------------+-------------+-----
Fighting       | 3 4 |  4.6
Throwing       | 5 |  5.9
Dodging        | |  1.7
Stealth        | |  0.6

Action                   |  1- 3 |  4- 6 || total
-------------------------+-------+-------++-------
Melee: Short sword       |   140 |    51 ||   191
       Whip              |       |    68 ||    68
Throw: Large rock        |     9 |     1 ||    10
  Use: Potion            |     1 |       ||     1
  Eat: Chunk             |       |     5 ||     5
Armor: Robe              |    56 |    21 ||    77
Dodge: Dodged            |    58 |    20 ||    78
Block: Shield            |    52 |    40 ||    92
